 Dungeon Crawl Stone Soup version 0.27-a0-1301-g128193abf8 (webtiles) character file.

Game seed: 544094408164781558

85 Sobieck the Skirmisher (level 4, -4/29 HPs)
             Began as a Kobold Abyssal Knight on June 17, 2021.
             Was a Believer of Lugonu.
             Splashed by a jelly's acid (5 damage)
             ... on level 2 of the Dungeon.
             The game lasted 00:04:36 (2237 turns).

Sobieck the Skirmisher (Kobold Abyssal Knight)      Turns: 2237, Time: 00:04:37

Health: -4/29      AC:  3    Str: 16    XL:     4   Next: 75%
Magic:  5/5        EV: 15    Int: 13    God:    Lugonu [**....]
Gold:   75         SH:  0    Dex: 14    Spells: 3/3 levels left

rFire    . . .     SeeInvis .   j - +1 dagger (venom) {short}
rCold    . . .     Faith    .   (shield restricted)
rNeg     . . .     Spirit   .   b - +0 leather armour
rPois    .         Reflect  .   p - +2 helmet
rElec    .         Harm     .   (no cloak)
rCorr    .         Rampage  .   m - +0 pair of gloves
Will     .....                  (no boots)
Stlth    +++.......             (no amulet)
HPRegen  0.09/turn              d - +6 ring of strength
MPRegen  0.09/turn              i - ring of wizardry

@: corroded
A: small, no large weapons, nightstalker 3
a: Renounce Religion, Depart the Abyss, Bend Space


You were on level 2 of the Dungeon.
You worshipped Lugonu.
Lugonu was pleased with you.
You visited 1 branch of the dungeon, and saw 3 of its levels.
You visited the Abyss 1 time.

You collected 75 gold pieces.


Innate Abilities, Weirdness & Mutations

You are small and have problems with some larger weapons.
You are completely attuned to the shadows.


   Skills:
 + Level 3.8 Fighting
 + Level 3.7 Short Blades
 + Level 1.5 Armour
 + Level 3.2 Dodging
 + Level 2.2 Stealth
 - Level 2.0 Invocations


You had 3 spell levels left.
You didn't know any spells.
Your spell library was empty.

Inventory:

Hand Weapons
 a - a +1 short sword {short}
 j - a +1 dagger of venom (weapon) {short}
   (You found it on level 2 of the Dungeon)
Missiles
 c - 4 boomerangs {throwing}
 h - 49 stones {throwing}
Armour
 b - a +0 leather armour (worn)
 m - a +0 pair of gloves (worn)
   (You found it on level 2 of the Dungeon)
 p - a +2 helmet (worn)
   (You found it on level 2 of the Dungeon)
Jewellery
 d - a +6 ring of strength (left hand)
   (You found it on level 1 of the Dungeon)
 i - a ring of wizardry (right hand)
   (You found it on level 2 of the Dungeon)
 n - a ring of see invisible
   (You found it on level 2 of the Dungeon)
Scrolls
 f - a scroll of amnesia {unknown}
 g - a scroll of fog {unknown}
 l - a scroll of teleportation {unknown}
 o - a scroll of blinking {unknown}
 q - a scroll of identify {unknown}
Potions
 e - a potion of curing {unknown}
 k - a potion of resistance {unknown}

Dungeon Overview and Level Annotations

Branches:
Dungeon (3/15)

Altars:

Annotations:
D:2 Sigmund

..#
#...........###.#######.##
..### #########.......#
#...## ..).# #########
#.#### ###.# ### #.####
#)## #######.## #.....
#).####....#.#.# #######.
##..##.....#.#.# #.......
#..'......#'#.#P..PP
#.#####.
#..'........#@#.J...
#.#...#.
##.'........#J#.J...
#.#.#.#.
#.##.......#J#.J..÷
#.#.#.#.
#####......##'J÷PP.
#.#.#... ##########..÷..
#.#..... ###### #.######
#....... ########


You could see a jelly (extremely poisoned) and an endoplasm.


Message History

h - 45 stones {throwing} (gained 4)
Items here: )))) ††.
You see here a +0 short sword {short}.
You see here a +0 short sword {short}.
Items here: )))) ††.
There is an open gate here.
You open the door.
There is an open door here.
A kobold comes into view. It is wielding a +0 club.
The kobold shouts!
The kobold closely misses you.
You hit the kobold.
The kobold is poisoned.
The kobold misses you.
You closely miss the kobold. The kobold hits you but does no damage.
You hit the kobold.
You kill the kobold!
Lugonu accepts your kill.
No target in view!
h - 49 stones {throwing} (gained 4)
Things that are here:
a +0 club {mace}; a kobold corpse You open the door.
An endoplasm comes into view.
You hit the endoplasm.
The endoplasm is poisoned.
The endoplasm freezes you.
You are frozen. 😕 HP[-1]
You take 1 damage, and now have 28/29 hp.
You hit the endoplasm but do no damage.
The endoplasm looks even sicker.
The endoplasm completely misses you.
You hit the endoplasm.
You kill the endoplasm!
Lugonu accepts your kill. 3 endoplasms come into view.
The endoplasm quivers. x2
An endoplasm comes into view.
There is an open door here. 😎 HP[+1]
Your hp is fully restored (29).
A nearby fungus withers and dies.
An endoplasm comes into view.
The endoplasm misses you.
The endoplasm quivers.
The endoplasm quivers.
You hit the endoplasm. The endoplasm closely misses you.
A jelly comes into view.
The endoplasm freezes you.
You are frozen. 😕 HP[-4]
You take 4 damage, and now have 25/29 hp.
You hit the endoplasm. You hit the endoplasm.
The endoplasm is poisoned.
You kill the endoplasm!
Lugonu accepts your kill. The endoplasm freezes you.
You are frozen. 😕 HP[-1]
You take 1 damage, and now have 24/29 hp.
You hit the endoplasm.
The endoplasm is poisoned.
The endoplasm barely misses you.
You hit the endoplasm.
The endoplasm jiggles.
The endoplasm misses you. The endoplasm freezes you.
You are frozen. 😮 HP[-5]
You take 5 damage, and now have 19/29 hp.
You kill the endoplasm!
Lugonu accepts your kill.
There is an open door here.
Things that are here:
a +0 club {mace}; a kobold corpse
Things that are here:
a +0 club {mace}; a kobold corpse; 😮 HP[+1]
There are monsters nearby!
The jelly hits you but does no damage.
You hit the jelly.
Your hands burn! 😮 HP[-3]
You take 3 damage, and now have 17/29 hp.
You hit the jelly.
Your hands burn!
The jelly closely misses you. 😮 HP[-1]
You take 1 damage, and now have 16/29 hp.
You completely miss the jelly. The jelly barely misses you.
You hit the jelly.
Your hands burn!
* * * LOW HITPOINT WARNING * * *
The jelly closely misses you. 😨 HP[-5]
You take 5 damage, and now have 11/29 hp.
You hit the jelly but do no damage. The acid corrodes you!
Your hands burn!
* * * LOW HITPOINT WARNING * * *
The jelly misses you. 😱 HP[-5]
You take 5 damage, and now have 6/29 hp.
You barely miss the jelly. The jelly misses you.
You hit the jelly.
The jelly is poisoned.
Your hands burn!
* * * LOW HITPOINT WARNING * * *
😱 HP[-5]
You take 5 damage, and now have 1/29 hp.
You hit the jelly but do no damage.
The jelly looks as sick as possible!
Your hands burn!
You die...

Skill      XL: |  1  2  3  4 |
---------------+-------------+-----
Armour         | 1 |  1.5
Short Blades   | 3 |  3.7
Stealth        | 1 2 |  2.2
Dodging        | 3 |  3.2
Fighting       | |  3.8
Invocations    | |  2.0

Action                   |  1- 3 |  4- 6 || total
-------------------------+-------+-------++-------
Melee: Short sword       |    64 |    25 ||    89
       Dagger            |       |    55 ||    55
Invok: Depart the Abyss  |     1 |       ||     1
 Stab: Sleeping          |    20 |     1 ||    21
       Distracted        |     1 |       ||     1
Armor: Leather armour    |     6 |    11 ||    17
Dodge: Dodged            |    34 |    58 ||    92

Levels and vault maps discovered:
D:1:      saegor_arrival_miasma, layout_basic, basic_ecumenical_altar
D:2:      cheibrodos_fertilizer, layout_basic, small_statue_intersection,
          uniq_sigmund
D:3:      layout_loops_ring, uniq_crazy_yiuf_cottage

Notes
Turn   | Place    | Note
-------+----------+-------------------------------------------
     0 | Abyss:1  | Sobieck the Kobold Abyssal Knight began the quest for the
                  | Orb.
     0 | Abyss:1  | Reached XP level 1. HP: 14/14 MP: 2/2
     0 | Abyss:1  | magus.rc [v1.9.6]
    37 | Abyss:1  | Noticed a thrashing horror
    61 | Abyss:1  | Noticed a large abomination
    66 | D:1      | You pass through the gate.
    66 | D:1      | Escaped the Abyss
   220 | D:1      | Found a faded altar of an unknown god.
   238 | D:1      | Reached skill level 1 in Armour
   238 | D:1      | Reached XP level 2. HP: 19/19 MP: 3/3
   294 | D:1      | Reached skill level 3 in Short Blades
   294 | D:1      | Reached skill level 1 in Stealth
   440 | D:1      | Reached * piety under Lugonu
   453 | D:1      | Reached XP level 3. HP: 23/23 MP: 4/4
  1294 | D:1      | Reached skill level 3 in Dodging
  1371 | D:2      | Reached XP level 4. HP: 29/29 MP: 5/5
  1376 | D:2      | Noticed Sigmund
  1483 | D:2      | Reached skill level 2 in Stealth
  1645 | D:2      | Reached ** piety under Lugonu
  2234 | D:2      | HP: 6/29 [acid (5)]
  2236 | D:2      | HP: 1/29 [acid (5)]
  2237 | D:2      | Splashed by a jelly's acid

Vanquished Creatures
  2 adders (D:2)
  An ufetubus (Abyss:1)
  2 dart slugs (D:1)
  4 endoplasms
  2 giant cockroaches (D:1)
  3 goblins
  8 hobgoblins
  5 jackals
  11 kobolds
  2 quokkas
  6 ball pythons
  4 bats
  3 rats
53 creatures vanquished.

Vanquished Creatures (others)
  3 fungi (D:2)
  4 toadstools (D:2)
7 creatures vanquished.

Grand Total: 60 creatures vanquished

Table legend:
 A = Non-vault XP
 B = Vault XP
 C = Vault XP percentage of total XP
 D = Non-vault monster count
 E = Vault monster count
 F = Vault count percentage of total count
                 A         B        C        D         E       F
            +---------+---------+-------+---------+---------+-------
      Total |     108 |      14 |  11.5 |      44 |       9 |  17.0
            +---------+---------+-------+---------+---------+-------
        D:1 |      52 |       0 |   0.0 |      28 |       0 |   0.0
        D:2 |      47 |      14 |  23.0 |      14 |       9 |  39.1
        D:3 |       1 |       0 |   0.0 |       1 |       0 |   0.0
    Abyss:1 |       8 |       0 |   0.0 |       1 |       0 |   0.0
            +---------+---------+-------+---------+---------+-------

Illustrated notes

Table legend:
 A = Kills in this place as a percentage of kills in entire the game.
 B = Kills by you in this place as a percentage of kills by you in the entire game.
 C = Kills by friends in this place as a percentage of kills by friends in the entire game.
 D = Other kills in this place as a percentage of other kills in the entire game.
 E = Experience gained in this place as a percentage of experience gained in the entire game.
 F = Experience gained in this place divided by the number of levels of this place that you have seen.
                   A       B       C       D       E      F
               +-------+-------+-------+-------+-------+----------------------
         Total | 100.0 | 100.0 |   N/A |   N/A | 100.0 |  30.5
       Dungeon |  98.1 |  98.1 |   N/A |   N/A |  93.4 |  38.0
         Abyss |   1.9 |   1.9 |   N/A |   N/A |   6.6 |   8.0
               +-------+-------+-------+-------+-------+----------------------

Table legend: (Time is in decaauts)
 A = Elapsed time spent in this place.
 B = Non-inter-level travel time spent in this place.
 C = Inter-level travel time spent in this place.
 D = Time resting spent in this place.
 E = Time spent auto-exploring this place.
 F = Levels seen in this place.
 G = Mean time per level.
                   A        B        C        D        E       F      G
               +--------+--------+--------+--------+--------+-----+--------+
         Total |   2225 |   2162 |     63 |    361 |   1391 |   4 |  556.2 |
       Dungeon |   2160 |   2097 |     63 |    361 |   1391 |   3 |  720.0 |
         Abyss |     65 |     65 |      0 |      0 |      0 |   1 |   65.0 |
               +--------+--------+--------+--------+--------+-----+--------+

Top non-repeatable levels by time:
     D:1: 1250 daAuts
     D:2: 900 daAuts
 Abyss:1: 65 daAuts
     D:3: 8 daAuts
